 Dungeon Crawl Stone Soup version 0.27-a0-686-gaed091b46b (webtiles) character file.

Game seed: 9382983252820181568

119 EldarEldrad the Chopper (level 4, -3/58 HPs)
             Began as a Minotaur Berserker on Mar 21, 2021.
             Was a Believer of Trog.
             Slain by an orc priest
             ... wielding a +0 club
              (8 damage)
             ... on level 3 of the Dungeon.
             The game lasted 00:09:22 (3203 turns).

EldarEldrad the Chopper (Minotaur Berserker)        Turns: 3203, Time: 00:09:22

Health: -3/58      AC:  2    Str: 23    XL:     4   Next: 73%
Magic:  3/3        EV: 12    Int:  4    God:    Trog [**....]
Gold:   5          SH:  0    Dex:  9    Spells: 3/3 levels left

rFire    . . .     SeeInvis .   a - +0 hand axe
rCold    . . .     Faith    .   (no shield)
rNeg     . . .     Spirit   .   b - +0 animal skin
rPois    .         Reflect  .   (helmet restricted)
rElec    .         Harm     .   (no cloak)
rCorr    .         Rampage  .   (no gloves)
Will     .....                  (no boots)
Stlth    ..........             (no amulet)
HPRegen  0.19/turn              (no ring)
MPRegen  0.08/turn              (no ring)

@: berserking, very quick
A: horns 2, retaliatory headbutt
a: Renounce Religion, Berserk, Trog's Hand


You were on level 3 of the Dungeon.
You worshipped Trog.
Trog was pleased with you.
You visited 1 branch of the dungeon, and saw 3 of its levels.

You collected 32 gold pieces.
You spent 27 gold pieces at shops.

Inventory:

Hand Weapons
 a - a +0 hand axe (weapon)
Armour
 b - a +0 animal skin (worn)
Scrolls
 c - a scroll of blinking {unknown}
 d - a scroll of magic mapping {unknown}
 g - a scroll of immolation {unknown}
 i - 3 scrolls of identify {unknown}
 j - a scroll of torment {unknown}
 m - a scroll of vulnerability {unknown}
 n - a scroll of acquirement {unknown}
Potions
 e - a potion of resistance {unknown}
 f - a potion of flight {unknown}
 h - a potion of mutation {unknown}
 k - a potion of haste {unknown}
 l - a potion of curing {unknown}


   Skills:
 - Level 3.6 Fighting
 * Level 6.7 Axes
 - Level 2.4 Armour
 - Level 2.1 Dodging


You had 3 spell levels left.
You didn't know any spells.
Your spell library was empty.

Dungeon Overview and Level Annotations

Branches:
Dungeon (3/15)

Altars:
Nemelex Xobeh
Okawaru
Yredelemnul
Zin

Shops:
D:1 *


Innate Abilities, Weirdness & Mutations

You have a pair of horns on your head.
You reflexively headbutt those who attack you in melee.


Message History

You hit the worm.
The worm is lightly wounded.
You hit the worm.
The worm is lightly wounded.
You slash the worm!
The worm is heavily wounded.
The worm closely misses you. You furiously retaliate!
You headbutt the worm! You slash the worm!
You kill the worm!
Trog accepts your kill.
Found a short sword.
An orc comes into view. It is wielding a +0 hand axe.
The orc shouts!
You hear a bark!
The orc moves out of view.
Found 5 gold pieces.
The orc hits you with a +0 hand axe!
You hit the orc but do no damage. The orc hits you with a +0 hand axe!
You barely miss the orc.
An orc priest comes into view.
It is wielding a +0 club and wearing a +0 leather armour of positive energy.
The orc closely misses you.
The orc priest shouts!
You slash the orc!
You kill the orc!
Trog accepts your kill.
You hear a shout!
You hear a bark! x2
You hit the orc priest.
The orc priest is lightly wounded.
The orc priest calls down the wrath of Beogh upon you.
Beogh smites you!
* * * LOW HITPOINT WARNING * * *
An orc comes into view. It is wielding a +0 whip.
You hear a bark!
A red film seems to cover your vision as you go berserk!
You feel yourself moving faster!
You feel mighty! The orc priest hits you with a +0 club!
* * * LOW HITPOINT WARNING * * *
You closely miss the orc priest.
The orc priest is lightly wounded.
The orc priest hits you with a +0 club!
You die...

### ..
#########.######.#
#......).#.<.....###
.#####.##.........#
##.###.#######..
#.## #.8...>_#
##.###.#######
##.##.. ##@#..
#o#.#. #o._..
#.#.### #$..# #.# #
#.# #.#


You could see an orc priest and an orc.

Vanquished Creatures
  A gnoll (D:1)
  6 adders (D:2)
  2 worms
  A dart slug (D:1)
  2 leopard geckos (D:1)
  An orc (D:3)
  4 bats
  2 gnoll zombies (D:2)
  8 goblins
  5 hobgoblins
  4 jackals (D:2)
  3 frilled lizards
  A kobold (D:1)
  8 rats
48 creatures vanquished.

Notes
Turn   | Place    | Note
-------+----------+-------------------------------------------
     0 | D:1      | EldarEldrad the Minotaur Berserker began the quest for the
                  | Orb.
     0 | D:1      | Reached XP level 1. HP: 19/19 MP: 0/0
    79 | D:1      | Reached skill level 4 in Axes
   342 | D:1      | Reached XP level 2. HP: 17/26 MP: 1/1
   772 | D:1      | You fall into a shaft and drop 1 floor!
   787 | D:2      | Reached skill level 5 in Axes
   787 | D:2      | Reached XP level 3. HP: 21/31 MP: 2/2
   910 | D:2      | Found a sparkling altar of Nemelex Xobeh.
  1198 | D:1      | Found Caoseus's Assorted Antiques.
  2154 | D:2      | Reached ** piety under Trog
  2155 | D:2      | Reached skill level 6 in Axes
  2155 | D:2      | Reached XP level 4. HP: 23/39 MP: 3/3
  2645 | D:2      | Found a basalt altar of Yredelemnul.
  3133 | D:1      | Bought a scroll labelled UHUNYPP ZIOTHRA for 27 gold pieces
  3173 | D:3      | Found a glowing silver altar of Zin.
  3174 | D:3      | Found an iron altar of Okawaru.
  3203 | D:3      | Slain by an orc priest

Illustrated notes

Levels and vault maps discovered:
D:1:      lightli_arrival_statuegarden, layout_loops_corners, serial_shops,
          shop, minmay_crystal_water
D:2:      layout_loops_ring, lemuel_zombie_altar_yredelemnul,
          nemelex_diamond_rough_becter
D:3:      layout_loops_ring, minitemple, lemuel_crystal_altar,
          ebering_ghost_sewer_f, lemuel_statue_altar

Skill      XL: |  1  2  3 |
---------------+----------+-----
Axes           | 4 5 6 |  6.7
Fighting       | |  3.6
Armour         | |  2.4
Dodging        | |  2.1

Action                   |  1- 3 |  4- 6 || total
-------------------------+-------+-------++-------
Melee: Hand axe          |    83 |    42 ||   125
       Headbutt          |     8 |     6 ||    14
Invok: Berserk           |     2 |     1 ||     3
 Stab: Sleeping          |     1 |     1 ||     2
Armor: Animal skin       |    14 |     1 ||    15
Dodge: Dodged            |    30 |    17 ||    47

Table legend: (Time is in decaauts)
 A = Elapsed time spent in this place.
 B = Non-inter-level travel time spent in this place.
 C = Inter-level travel time spent in this place.
 D = Time resting spent in this place.
 E = Time spent auto-exploring this place.
 F = Levels seen in this place.
 G = Mean time per level.
                   A        B        C        D        E       F      G
               +--------+--------+--------+--------+--------+-----+--------+
         Total |   3234 |   3046 |    188 |    887 |   1731 |   3 | 1078.0 |
       Dungeon |   3234 |   3046 |    188 |    887 |   1731 |   3 | 1078.0 |
               +--------+--------+--------+--------+--------+-----+--------+

Top non-repeatable levels by time:
     D:1: 1658 daAuts
     D:2: 1544 daAuts
     D:3: 30 daAuts
